 Dungeon Crawl Stone Soup version 0.30-a0-782-ge64f9170bb (webtiles) character file.

Game seed: 6514800361796682855

405 nooxmaroon the Shield-Bearer (level 6, -1/48 (56) HPs)
             Began as a Minotaur Fighter on Feb 18, 2023.
             Was an Initiate of Trog.
             Slain by Duvessa
             ... wielding a +2 short sword of draining
              (15 damage)
             ... on level 4 of the Dungeon.
             The game lasted 00:45:07 (4330 turns).

nooxmaroon the Shield-Bearer (Minotaur Fighter)     Turns: 4330, Time: 00:45:08

HP:   -1/48 (56)    AC: 12    Str: 23    XL:     6   Next: 56%
MP:   5/5           EV:  9    Int:  5    God:    Trog [......]
Gold: 206           SH:  5    Dex:  9    Spells: 5/5 levels left

rFire   . . .      SeeInvis .    a - +0 war axe
rCold   . . .      Faith    .    c - +0 buckler
rNeg    . . .      Spirit   .    b - +1 scale mail
rPois   .          Reflect  .    (helmet restricted)
rElec   .          Harm     .    (no cloak)
rCorr   .          Rampage  .    (no gloves)
Will    .....                    (no boots) Stlth
                                 (no amulet)
HPRegen 0.28/turn                l - +4 ring of protection
MPRegen 0.09/turn                (no ring)

@: mighty, heavily drained
A: horns 2, retaliatory headbutt
a: Renounce Religion


You were on level 4 of the Dungeon.
You worshipped Trog.
Trog was noncommittal.
You visited 2 branches of the dungeon, and saw 5 of its levels.

You collected 206 gold pieces.

Inventory:

Hand Weapons
 a - a +0 war axe (weapon)
 p - a +4 sling
Missiles
 g - 5 stones (quivered)
 s - 6 poisoned darts
Armour
 b - a +1 scale mail (worn)
 c - a +0 buckler (worn)
Jewellery
 l - a +4 ring of protection (left hand)
Wands
 t - a wand of roots (15)
 v - a wand of paralysis (12)
Scrolls
 m - a scroll of magic mapping
 n - a scroll of identify
 o - 2 scrolls of teleportation
 u - a scroll of butterflies
Potions
 e - 3 potions of curing
 f - a potion of resistance
 h - a potion of magic {unknown}
 i - a potion of flight {unknown}
 j - a potion of berserk rage {unknown}
 k - a potion of mutation {unknown}
 q - a potion of lignification {unknown}
 r - a potion of degeneration {unknown}


   Skills:
 + Level 5.0 Fighting
 + Level 5.5 Axes
 - Level 5.1 Armour
 + Level 5.5 Shields


You had 5 spell levels left.
You didn't know any spells.
Your spell library contained the following spells:

 Spells                   Type           Power      Damage    Failure   Level
 Slow                     Hex            0%         N/A       86%         1
 Confusing Touch          Hex            0%         N/A       99%         3
 Dazzling Flash           Conj/Hex       0%         N/A       99%         3
 Kindle Blastsparks       Fire/Tloc/Air  0%         2d10      99%         3
 Fulminant Prism          Conj/Hex       0%         3d5       100%        4
 Iskenderun's Mystic Bla  Conj/Tloc      0%         2d3       100%        4
 Manifold Assault         Tloc           0%         N/A       100%        4
 Lee's Rapid Deconstruct  Erth           0%         3d4*      100%        5
 Summon Forest            Summ/Tloc      0%         N/A       100%        5


Dungeon Overview and Level Annotations

Branches:
Dungeon (4/15)             Temple (1/1) D:4

Altars:
Ashenzari
Cheibriados
Gozag
Hepliaklqana
Kikubaaqudgha
Makhleb
Nemelex Xobeh
Okawaru
Qazlal
Ru
Sif Muna
Trog
Uskayaw
Vehumet
Wu Jian
The Shining One

Annotations:
D:3 3 runed translucent doors, drewk1942's ghost, amateur DrCj
D:4 Duvessa


Innate Abilities, Weirdness & Mutations

You have a pair of horns on your head.
You reflexively headbutt those who attack you in melee.


Message History

Level annotation: Duvessa Welcome back, nooxmaroon the Minotaur Fighter.
Trog says: Kill them all!
Press ? for a list of commands and other information.
You are no longer glowing.
HP restored.
Things that are here:
a +2 robe of positive energy; a +0 dagger; the elf corpse of Dowan
Things that are here:
a +0 dagger; a +0 short sword You open the door.
Found an opulent altar of Gozag.
Duvessa is nearby!
You see here a +0 heavy mace.
Duvessa shouts!
Duvessa goes berserk!
You see here a +2 short sword of venom.
You barely miss Duvessa. Duvessa hits you but does no damage.
You feel drained.
Duvessa hits you with a +2 short sword of draining!
You feel drained.
You hit Duvessa but do no damage.
Duvessa hits you with a +2 short sword of draining.
You feel drained. You block Duvessa's attack.
You hit Duvessa.
Duvessa is lightly wounded.
You block Duvessa's attack. Duvessa barely misses you.
You slash Duvessa!
Duvessa is moderately wounded.
Duvessa hits you with a +2 short sword of draining!
You feel drained. Duvessa hits you but does no damage.
You feel drained.
You feel very mighty all of a sudden. Duvessa closely misses you.
You hit Duvessa.
Duvessa is moderately wounded.
Duvessa hits you with a +2 short sword of draining!
* * * LOW HITPOINT WARNING * * *
You feel drained.
* * * LOW HITPOINT WARNING * * *
Duvessa hits you with a +2 short sword of draining!
You die...

...........##.................#.#
#.###.##.#.....#.........##...#†#
.........####..))#.....####.###.#
#####.#### ##.##.##......##.#..).
#.# ###e.##.##...##.##.##### #.#
#...........###.##.~≈≈≈≈ #.#
#.#.###.##).# #.##.#####
#.####..........####.#..#....
#..........e@<.......#..###.#
##.......##...#.####......#.#
#.###<#.###.##........)..#.# #.#
###.# #.#...###......... #.## ♣.♣
#.#...# ###.....##
#..##♣♣.♣♣#.#...# #...###
#...........##.## ##.##
#.###♣♣.♣♣#.#...######.# ####.#
♣.♣ #..###.......#


You could see Duvessa (berserk).

Vanquished Creatures
  A necrophage (D:4)
  A scorpion (D:4)
  Dowan (D:4)
  2 orc priests (D:3)
  3 iguanas (D:4)
  2 adders
  2 worms
  6 orcs
  6 bats
  6 endoplasms
  4 giant cockroaches
  2 hobgoblins
  6 jackals
  4 quokkas
  6 ball pythons
  2 frilled lizards (D:2)
  10 goblins
  4 kobolds
  5 rats
73 creatures vanquished.

Notes
Turn   | Place    | Note
-------+----------+-------------------------------------------
     0 | D:1      | nooxmaroon the Minotaur Fighter began the quest for the
                  | Orb.
     0 | D:1      | Reached XP level 1. HP: 19/19 MP: 0/0
   601 | D:1      | Reached XP level 2. HP: 25/27 MP: 1/1
  1172 | D:2      | Got Muedwitt's Exposition on the Unlucky Traveller
  1250 | D:2      | Reached XP level 3. HP: 34/34 MP: 2/2
  1841 | D:3      | Found a runed translucent gate.
  1841 | D:3      | Found a runed translucent gate.
  2243 | D:3      | Found a runed translucent gate.
  2415 | D:3      | Reached XP level 4. HP: 26/41 MP: 3/3
  2973 | D:3      | Noticed drewk1942's ghost (amateur DrCj)
  3246 | D:4      | Noticed a necrophage
  3272 | D:4      | Killed a necrophage
  3273 | D:4      | Reached XP level 5. HP: 38/47 MP: 4/4
  3376 | D:4      | Reached skill level 5 in Axes
  3376 | D:4      | Reached skill level 5 in Shields
  3467 | D:4      | Reached skill level 5 in Armour
  3467 | D:4      | Reached XP level 6. HP: 48/53 MP: 5/5
  3588 | D:4      | Found a staircase to the Ecumenical Temple.
  3641 | Temple   | Entered the Ecumenical Temple
  3704 | Temple   | Became a worshipper of Trog the Wrathful
  3993 | D:4      | Noticed Duvessa
  4153 | D:4      | Noticed Dowan
  4181 | D:4      | Killed Dowan
  4182 | D:4      | Reached skill level 5 in Fighting
  4273 | D:4      | Found an opulent altar of Gozag.
  4330 | D:4      | Slain by Duvessa

Illustrated notes

Levels and vault maps discovered:
D:1:      dpeg_arrival_more_subterranean_lakeside_camping, layout_basic,
          minmay_misc_feat_enclosed
D:2:      layout_loops_ring
D:3:      layout_basic, gammafunk_ghost_icy, minmay_misc_feat_room, minivault_5
D:4:      layout_loops_ring, kennysheep_mini, minmay_temple_entry_antechambers,
          grunt_decor_cap, minmay_tree_intersection, uniq_duvessa
Temple:   dpeg_three_leaves_temple

Skill      XL: |  1  2  3  4  5  6 |
---------------+-------------------+-----
Fighting       | 4 5 |  5.0
Axes           | 3 4 5 |  5.5
Armour         | 4 5 |  5.1
Shields        | 4 5 |  5.5

Action                     |  1- 3 |  4- 6 || total
---------------------------+-------+-------++-------
  Melee: War axe           |    82 |    99 ||   181
         Headbutt          |    14 |    14 ||    28
  Throw: Stone             |    23 |     1 ||    24
    Use: Scroll            |     5 |     4 ||     9
         Potion            |       |     2 ||     2
 Armour: Scale mail        |    33 |    42 ||    75
  Dodge: Dodged            |    39 |    43 ||    82
  Block: Buckler           |    17 |    22 ||    39

Table legend: (Time is in decaauts)
 A = Elapsed time spent in this place.
 B = Non-inter-level travel time spent in this place.
 C = Inter-level travel time spent in this place.
 D = Time resting spent in this place.
 E = Time spent auto-exploring this place.
 F = Levels seen in this place.
 G = Mean time per level.
                   A        B        C        D        E       F      G
               +--------+--------+--------+--------+--------+-----+--------+
         Total |   4394 |   4387 |      7 |    579 |   1759 |   5 |  878.8 |
       Dungeon |   4326 |   4319 |      7 |    579 |   1759 |   4 | 1081.5 |
        Temple |     67 |     67 |      0 |      0 |      0 |   1 |   67.0 |
               +--------+--------+--------+--------+--------+-----+--------+

Top non-repeatable levels by time:
     D:3: 1400 daAuts
     D:4: 1012 daAuts
     D:1: 1005 daAuts
     D:2: 907 daAuts
  Temple: 67 daAuts
